 Dungeon Sprint DCSS version 0.31-a0-7-g51783674b7 (webtiles) character file.

Game seed: 4591034374580207997

145 sircluck the Ruffian (level 5, -1/57 HPs)
             Began as a Troll Berserker on May 5, 2023.
             Was an Elder of Trog.
             Slain by a sun demon (19 damage)
             ... summoned by a kobold demonologist
             ... in the Dungeon (Sprint IX: "|||||||||||||||||||||||||||||").
             The game lasted 00:00:28 (111 turns).

sircluck the Ruffian (Troll Berserker)               Turns: 111, Time: 00:00:29

Health: -1/57      AC:  7    Str: 30    XL:     5   Next: 6%
Magic:  4/4        EV: 11    Int:  3    God:    Trog [****..]
Gold:   0          SH:  0    Dex:  9    Spells: 4/4 levels left

rFire   . .          .
                       - Unarmed
rCold   . . .        (no shield)
rNeg    . . .        a - +0 animal skin
rPois   .            (helmet restricted)
rElec   .            l - +0 cloak
rCorr   .            (gloves unavailable)
SInv    .            (boots unavailable)
Will    .....        (no amulet)
Stlth   +            j - +3 ring of strength
HPRegen 1.09/turn    k - +2 ring of protection
MPRegen 0.09/turn

%: no teleportation
@: no status effects
A: large, unfitting armour, claws 3, regeneration 1, shaggy fur 1, tough skin 1
a: Renounce Religion, Berserk, Trog's Hand, Brothers in Arms


You were in the Dungeon.
You worshipped Trog.
Trog was greatly pleased with you.
You visited 1 branch

Inventory:

Armour
 a - a +0 animal skin (worn)
 l - a +0 cloak (worn)
Jewellery
 j - a +3 ring of strength (left claw)
 k - a +2 ring of protection (right claw)
Wands
 i - a wand of quicksilver (10)
Scrolls
 g - 2 scrolls of blinking
Potions
 b - 5 potions of curing
 c - 3 potions of heal wounds
 d - a potion of haste
 e - 4 potions of magic
 f - a potion of berserk rage
 h - a potion of invisibility


   Skills:
 + Level 5.1 Fighting
 + Level 5.1 Dodging
 + Level 7.2 Unarmed Combat


You had 4 spell levels left.
You didn't know any spells.
Your spell library was empty.

Dungeon Overview and Level Annotations

Branches:
Dungeon (1/1)

Altars:
Cheibriados
Dithmenos
Elyvilon
Fedhas
Gozag
Hepliaklqana
Kikubaaqudgha
Makhleb
Nemelex Xobeh
Okawaru
Qazlal
Ru
Sif Muna
Trog
Uskayaw
Vehumet
Wu Jian
Xom
Yredelemnul
Zin
The Shining One
Jiyva
Lugonu


Innate Abilities, Weirdness & Mutations

You are too large for most types of armour.
You have claws for hands.
Your natural rate of healing is unusually fast.
You are covered in fur. (AC +1)
You have tough skin. (AC +1)


Message History

You feel stronger.
j - a +3 ring of strength (left claw)
k - a +2 ring of protection (right claw)
You see here a +0 plate armour.
You open the door.
An orc warrior, a wight, a kobold demonologist, a troll, a shadow and a yak come into view.
The wight is wielding a +0 falchion and wearing a +1 robe of willpower.
The kobold demonologist shouts!
The troll shouts!
The kobold demonologist casts a spell.
You claw the orc warrior!
The orc warrior is heavily wounded.
The orc warrior hits you but does no damage.
You scratch the orc warrior. You claw the orc warrior!
The orc warrior is almost dead.
The orc warrior shouts to no one in particular.
The orc warrior barely misses you.
The shadow slips into darkness.
The shadow flickers and vanishes!
Deactivating autopickup; reactivate with Ctrl-A.
The kobold demonologist casts a spell.
You closely miss the orc warrior.
The orc warrior is almost dead.
The orc warrior barely misses you.
You scratch the orc warrior.
You kill the orc warrior!
Trog accepts your kill.
You can now call in reinforcements.
Your Fighting skill increases to level 5!
Your Dodging skill increases to level 5!
Your Unarmed Combat skill gained 2 levels and is now at level 7!
You have reached level 4!
You have reached level 5!
You closely miss the wight. You closely miss the sun demon.
You scratch the sun demon.
The sun demon is lightly wounded.
The sun demon hits you!
You are engulfed in flames!
You closely miss the sun demon.
The sun demon is lightly wounded.
The sun demon hits you!
You are engulfed in flames!!
You die... ▓▓▓▓▓▓▓▓▓▓▓▓▓▓▓▓▓▓▓▓▓▓▓▓ _______'.?).[.[.@3zKT.Y. ▓▓▓▓▓▓▓▓▓▓▓▓▓▓▓▓▓▓▓▓▓▓▓▓

You could see a sun demon (summoned), a kobold demonologist, a yak, a troll and a wight.

Vanquished Creatures
  An orc warrior (D)
  A hound (D)
  A white imp (D)
  An ufetubus (D)
  2 orcs (D)
  A ball python (D)
  An endoplasm (D)
  A goblin (D)
  A kobold (D)
  A rat (D)
11 creatures vanquished.

Notes
Turn   | Place    | Note
-------+----------+-------------------------------------------
     0 | D        | sircluck the Troll Berserker began the quest for the Orb.
     0 | D        | Reached XP level 1. HP: 22/22 MP: 0/0
     9 | D        | Reached ** piety under Trog
    20 | D        | Noticed a hound
    29 | D        | Reached *** piety under Trog
    30 | D        | Reached skill level 4 in Unarmed Combat
    30 | D        | Reached XP level 2. HP: 22/31 MP: 1/1
    41 | D        | Reached skill level 5 in Unarmed Combat
    41 | D        | Reached XP level 3. HP: 34/39 MP: 2/2
    47 | D        | Found a snail-covered altar of Cheibriados.
    47 | D        | Found a shadowy altar of Dithmenos.
    47 | D        | Found a white marble altar of Elyvilon.
    47 | D        | Found a blossoming altar of Fedhas.
    47 | D        | Found an opulent altar of Gozag.
    48 | D        | Found a hazy altar of Hepliaklqana.
    49 | D        | Found a viscous altar of Jiyva.
    50 | D        | Found an ancient bone altar of Kikubaaqudgha.
    51 | D        | Found a corrupted altar of Lugonu.
    52 | D        | Found a burning altar of Makhleb.
    53 | D        | Found a sparkling altar of Nemelex Xobeh.
    54 | D        | Found an iron altar of Okawaru.
    55 | D        | Found a stormy altar of Qazlal.
    56 | D        | Found a sacrificial altar of Ru.
    57 | D        | Found a shimmering blue altar of Sif Muna.
    58 | D        | Found a bloodstained altar of Trog.
    59 | D        | Found a hide-covered altar of Uskayaw.
    60 | D        | Found a radiant altar of Vehumet.
    61 | D        | Found an ornate altar of the Wu Jian Council.
    62 | D        | Found a shimmering altar of Xom.
    63 | D        | Found a basalt altar of Yredelemnul.
    64 | D        | Found a glowing silver altar of Zin.
    65 | D        | Found a glowing golden altar of the Shining One.
   103 | D        | Noticed an orc warrior
   103 | D        | Noticed a wight
   103 | D        | Noticed a kobold demonologist
   103 | D        | Noticed a troll
   103 | D        | Noticed a shadow
   103 | D        | Noticed a yak
   106 | D        | Noticed a sun demon
   107 | D        | Killed an orc warrior
   107 | D        | Reached **** piety under Trog
   108 | D        | Reached skill level 5 in Fighting
   108 | D        | Reached skill level 5 in Dodging
   108 | D        | Reached skill level 7 in Unarmed Combat
   108 | D        | Reached XP level 4. HP: 50/50 MP: 3/3
   108 | D        | Reached XP level 5. HP: 57/57 MP: 4/4
   111 | D        | Slain by a sun demon

Illustrated notes

Levels and vault maps discovered:
D:        linesprint [early_d, line_temple, items_1, d_10, items_2, lair_1,
          lair_end, items_3, orc_1, orc_end, items_4, d_15, swamp_1, shoals_1,
          snake_1, spider_1, d_20, vaults_1, items_5, swamp_end, shoals_end,
          snake_end, spider_end, vaults_end, d_27, items_6, zot_1, zot_end,
          crypt_end, forest_end, elf_end, slime_end, tomb_end, abyss_end,
          pan_hell_end]

Skill      XL: |  1  2  3 |
---------------+----------+-----
Fighting       | 3 4 5 |  5.1
Dodging        | 3 4 5 |  5.1
Unarmed Combat | 4 5 7 |  7.2

Action                     |  1- 3 |  4- 6 || total
---------------------------+-------+-------++-------
  Melee: Unarmed           |    34 |     4 ||    38
         Punch             |     2 |       ||     2
 Armour: Animal skin       |    13 |       ||    13
  Dodge: Dodged            |    15 |       ||    15

Table legend: (Time is in decaauts)
 A = Elapsed time spent in this place.
 B = Non-inter-level travel time spent in this place.
 C = Inter-level travel time spent in this place.
 D = Time resting spent in this place.
 E = Time spent auto-exploring this place.
 F = Levels seen in this place.
 G = Mean time per level.
                   A        B        C        D        E       F      G
               +--------+--------+--------+--------+--------+-----+--------+
         Total |    106 |    106 |      0 |      0 |      0 |   1 |  106.0 |
       Dungeon |    106 |    106 |      0 |      0 |      0 |   1 |  106.0 |
               +--------+--------+--------+--------+--------+-----+--------+

Top non-repeatable levels by time:
       D: 106 daAuts
